 Seeded DCSS version 0.28.0-53-g5a82cb258f (webtiles) character file.

Game seed: 20220614 (custom seed)

595 Zeld the Skirmisher (level 7, -1/63 HPs)
             Began as a Hill Orc Fighter on June 14, 2022.
             Was an Initiate of Beogh.
             Succumbed to an orc warrior's poison
             ... on level 5 of the Dungeon.
             The game lasted 00:02:53 (4082 turns).

Zeld the Skirmisher (Hill Orc Fighter)              Turns: 4082, Time: 00:02:54

Health: -1/63      AC: 10    Str: 21    XL:     7   Next: 40%
Magic:  7/7        EV:  6    Int:  8    God:    Beogh [......]
Gold:   155        SH: 13    Dex: 10    Spells: 6/6 levels left

rFire   . . .      SeeInvis .   p - +4 hand axe
rCold   . . .      Faith    .   n - +0 tower shield
rNeg    . . .      Spirit   .   b - +0 scale mail
rPois   .          Reflect  .   f - +0 helmet
rElec   .          Harm     .   (no cloak)
rCorr   .          Rampage  .   r - +1 pair of gloves
Will    .....                   (no boots)
Stlth   ..........              (no amulet)
HPRegen 0.20/turn               (no ring)
MPRegen 0.10/turn               (no ring)

@: lethally poisoned (-1 -> -16)
A: no striking features
a: Renounce Religion


You were on level 5 of the Dungeon.
You worshipped Beogh.
Beogh was noncommittal.
You visited 1 branch of the dungeon, and saw 5 of its levels.

You collected 155 gold pieces.

Inventory:

Hand Weapons
 a - a +0 war axe
 p - a +4 hand axe (weapon)
Missiles
 m - 16 bolts
Armour
 b - a +0 scale mail (worn)
 f - a +0 helmet (worn)
 n - a +0 tower shield (worn)
 r - a +1 pair of gloves (worn)
 w - a +0 pair of gloves
Wands
 c - a wand of digging (3)
 s - a wand of iceblast (13)
 u - a wand of flame (6)
Scrolls
 h - 2 scrolls of teleportation {unknown}
 i - a scroll of enchant weapon {unknown}
 k - a scroll of torment {unknown}
 l - 7 scrolls of identify {unknown}
 v - a scroll of noise {unknown}
 x - a scroll of fear {unknown}
 y - a scroll of holy word {unknown}
 z - a scroll of immolation {unknown}
Potions
 d - a potion of might
 e - a potion of invisibility {unknown}
 g - 4 potions of curing {unknown}
 j - a potion of brilliance {unknown}
 o - a potion of haste {unknown}
 q - a potion of attraction {unknown}
 t - 2 potions of lignification {unknown}


   Skills:
 * Level 6.0 Fighting
 * Level 6.0 Axes
 + Level 4.5 Armour
 * Level 5.6 Shields


You had 6 spell levels left.
You didn't know any spells.
Your spell library was empty.

Dungeon Overview and Level Annotations

Branches:
Dungeon (5/15)
 Temple: D:4-7

Altars:
Hepliaklqana
Okawaru
Sif Muna
Vehumet

Shops:
D:1 *

Annotations:
D:2 1 runed translucent door, Crazy Yiuf


Message History

An orc is nearby!
An orc is nearby!
An orc warrior and an orc come into view.
The orc warrior is wielding a +1 hand axe of venom.
Found 24 stones and 6 gold pieces.
The orc warrior shouts!
You hear a shout!
An orc wizard comes into view.
It is wielding a +1 dagger of electrocution.
Found 16 gold pieces.
The orc priest calls down the wrath of Beogh upon you.
Beogh smites you!
Found 24 stones.
You block the orc's attack.
You hit the orc.
The orc is severely wounded.
The orc priest calls down the wrath of Beogh upon you.
Beogh smites you!
You hit the orc warrior.
The orc warrior is lightly wounded.
You block the orc warrior's attack.
The orc priest miscasts a cantrip.
Unknown command.
You closely miss the orc warrior.
The orc warrior is lightly wounded.
You completely miss the orc priest.
An orc comes into view. It is wielding a +0 flail.
The orc warrior hits you with a +1 hand axe of venom!
You are lethally poisoned!
Unknown command.
You feel very sick.
The orc wizard casts a spell.
The orc wizard flickers and vanishes!
Deactivating autopickup; reactivate with Ctrl-A.
The orc priest calls upon Beogh to heal the orc warrior.
The orc warrior's wounds heal themselves!
* * * LOW HITPOINT WARNING * * *
You feel very sick.
Something tries to affect you, but you resist.
The orc priest invokes the aid of Beogh against you.
Beogh smites you!
* * * LOW HITPOINT WARNING * * *
You die...

#.#### #######.#..
#.......#.#
#.......#.####
#............#
#............#######
#...................
#......<#.##.....?..
#..........@........
#.##########.#......
# ###.o# .....
#oo.## .... #.8o.##
### #o.{#. $.... ##
#.#8.#$ # #..#(


You could see an orc warrior.

Vanquished Creatures
  Sigmund (D:3)
  A centaur (D:4)
  3 orc priests
  A hound (D:2)
  An iguana (D:4)
  Jessica (D:2)
  Ijyb (D:3)
  Terence (D:3)
  2 orc wizards
  3 adders
  A shadow imp (D:3)
  A white imp (D:3)
  3 dart slugs
  4 orcs
  3 ball pythons
  2 bats
  4 endoplasms
  6 giant cockroaches
  9 goblins
  4 hobgoblins
  2 quokkas
  7 kobolds
  10 rats
71 creatures vanquished.

Notes
Turn   | Place    | Note
-------+----------+-------------------------------------------
     0 | D:1      | Zeld the Hill Orc Fighter began the quest for the Orb.
     0 | D:1      | Reached XP level 1. HP: 19/19 MP: 1/1
   220 | D:1      | Reached XP level 2. HP: 22/27 MP: 2/2
   377 | D:1      | Found Rumos's General Store.
   994 | D:2      | Reached XP level 3. HP: 33/33 MP: 3/3
  1244 | D:2      | Reached XP level 4. HP: 40/40 MP: 4/4
  1303 | D:2      | Noticed Jessica
  1308 | D:2      | Killed Jessica
  1631 | D:2      | Found a runed translucent door.
  1632 | D:2      | Noticed Crazy Yiuf
  2013 | D:3      | Noticed Terence
  2028 | D:3      | Killed Terence
  2029 | D:3      | Reached XP level 5. HP: 27/47 MP: 5/5
  2371 | D:3      | Found an iron altar of Okawaru.
  2484 | D:3      | Noticed Sigmund
  2495 | D:3      | Killed Sigmund
  2496 | D:3      | Reached skill level 5 in Fighting
  2496 | D:3      | Reached skill level 5 in Axes
  2496 | D:3      | Reached skill level 5 in Shields
  2496 | D:3      | Reached XP level 6. HP: 42/56 MP: 6/6
  2688 | D:3      | Noticed Ijyb
  2694 | D:3      | Killed Ijyb
  2819 | D:3      | Became a worshipper of Beogh the Brigand
  3041 | D:3      | Found a radiant altar of Vehumet.
  3050 | D:3      | Found a shimmering blue altar of Sif Muna.
  3179 | D:4      | Reached XP level 7. HP: 62/62 MP: 7/7
  4025 | D:4      | Found a hazy altar of Hepliaklqana.
  4067 | D:5      | Entered Level 5 of the Dungeon
  4081 | D:5      | HP: 1/63 [orc priest/divine providence (14)]
  4082 | D:5      | Succumbed to an orc warrior's poison

Illustrated notes

Levels and vault maps discovered:
D:1:      lightli_molten_gateway, layout_basic, serial_shops,
          nicolae_square_shop
D:2:      layout_basic, uniq_jessica, uniq_crazy_yiuf_cottage
D:3:      layout_basic, amcnicky_altar_gilded, mainiacjoe_overflow_swirl,
          uniq_ijyb, uniq_sigmund, uniq_terence
D:4:      layout_basic, worldfamousw_hep_ancestral_shrine
D:5:      old_forge, layout_basic, guppyfry_early_orc_mine

Skill      XL: |  1  2  3  4  5  6  7 |
---------------+----------------------+-----
Axes           | 3 4 5 6 |  6.0
Fighting       | 4 5 6 |  6.0
Shields        | 4 5 |  5.6
Armour         | 4 |  4.5

Action                   |  1- 3 |  4- 6 |  7- 9 || total
-------------------------+-------+-------+-------++-------
Melee: War axe           |    61 |    53 |       ||   114
       Hand axe          |       |    57 |    45 ||   102
Invok: Convert to Beogh  |       |     1 |       ||     1
Armor: Scale mail        |    39 |    51 |     9 ||    99
Dodge: Dodged            |    37 |    33 |     4 ||    74
Block: Buckler           |    13 |     3 |       ||    16
       Tower shield      |       |    85 |    26 ||   111
